 Dungeon Crawl Stone Soup version 0.30.0-5-g1a98f26d00 (webtiles) character file.

Game seed: 9884530890224388694

44 Leibowitz the Covered (level 3, 0/33 HPs)
             Began as a Minotaur Fighter on May 10, 2023.
             Succumbed to a water moccasin's poison
             ... on level 3 of the Dungeon on May 11, 2023.
             The game lasted 00:02:27 (1654 turns).

Leibowitz the Covered (Minotaur Fighter)            Turns: 1654, Time: 00:02:27

Health: 0/33       AC:  8    Str: 22    XL:     3   Next: 41%
Magic:  2/2        EV: 10    Int:  5    God:
Gold:   53         SH:  0    Dex:  9    Spells: 2/2 levels left

rFire   . . .        r - +0 battleaxe
rCold   . . .        (shield currently unavailable)
rNeg    . . .        b - +0 scale mail
rPois   .            (helmet restricted)
rElec   .            (no cloak)
rCorr   .            o - +0 pair of gloves
SInv    .            (no boots)
Will    .....        (no amulet) Stlth
                     (no ring)
HPRegen 0.25/turn    (no ring)
MPRegen 0.08/turn

%: no passive effects
@: mighty, lethally poisoned (0 -> -6)
A: horns 2, retaliatory headbutt
a: no special abilities


You were on level 3 of the Dungeon.
You visited 1 branch of the dungeon, and saw 3 of its levels.

You collected 144 gold pieces.
You spent 91 gold pieces at shops.

Inventory:

Hand Weapons
 a - a +0 war axe
 r - a +0 battleaxe (weapon)
Armour
 b - a +0 scale mail (worn)
 o - a +0 pair of gloves (worn)
Scrolls
 c - a scroll of enchant armour {unknown}
 e - a scroll of immolation {unknown}
 g - 3 scrolls of identify {unknown}
 k - a scroll of amnesia {unknown}
 l - a scroll of vulnerability {unknown}
 n - 3 scrolls of brand weapon {unknown}
 p - a scroll of silence {unknown}
Potions
 d - 2 potions of might
 f - 2 potions of cancellation {unknown}
 h - a potion of lignification {unknown}
 i - a potion of curing {unknown}
 j - a potion of haste {unknown}
 m - 2 potions of brilliance {unknown}
 q - a potion of mutation {unknown}


   Skills:
 * Level 4.3 Fighting
 * Level 3.0 Axes
 * Level 4.3 Armour
 * Level 1.0 Dodging
 - Level 3.6 Shields


You had 2 spell levels left.
You didn't know any spells.
Your spell library was empty.

Dungeon Overview and Level Annotations

Branches:
Dungeon (3/15)

Altars:

Shops:
D:2 (


Innate Abilities, Weirdness & Mutations

You have a pair of horns on your head.
You reflexively headbutt those who attack you in melee.


Message History

You climb downwards.
Found 6 gold pieces.
There is a stone staircase leading up here.
A kobold comes into view. It is wielding a +0 dagger.
The kobold shouts!
You hear an angry hiss.
A gnoll comes into view. It is wielding a +0 spear.
A water moccasin comes into view.
The water moccasin hisses angrily.
You barely miss the kobold.
A worm comes into view.
The kobold barely misses you.
You barely miss the kobold. You headbutt the kobold.
You kill the kobold!
The gnoll hits you from afar with a +0 spear.
The water moccasin bites you. The kobold hits you but does no damage.
The gnoll hits you but does no damage.
An endoplasm comes into view.
You barely miss the water moccasin.
The endoplasm quivers.
You headbutt the water moccasin!
The water moccasin is moderately wounded.
You barely miss the kobold.
The water moccasin bites you but does no damage.
The water moccasin bites you. The kobold closely misses you.
The gnoll hits you from afar with a +0 spear.
The water moccasin attacks as you move away!
The water moccasin bites you.
You are poisoned.
The water moccasin poisons you!
You feel very sick. The water moccasin bites you!
* * * LOW HITPOINT WARNING * * *
You feel very mighty all of a sudden.
* * * LOW HITPOINT WARNING * * *
You feel sick. The kobold hits you but does no damage.
The gnoll closely misses you. The water moccasin barely misses you.
You miss the water moccasin.
The water moccasin is moderately wounded.
You barely miss the kobold.
You die...

.....
#####.....
.......... #
#........#
#.#.....J..#
#.#.w......#
#..$g....#
#.SK...#
#.@....#
##.######
#<......+
##.######
..# ###


You could see a water moccasin, a worm, a gnoll, an endoplasm and a kobold.

Vanquished Creatures
  3 adders (D:2)
  An endoplasm (D:2)
  A goblin (D:2)
  A hobgoblin (D:2)
  2 jackals (D:1)
  4 ball pythons
  2 bats
  A frilled lizard (D:2)
  4 kobolds
  2 rats
21 creatures vanquished.

Notes
Turn   | Place    | Note
-------+----------+-------------------------------------------
     0 | D:1      | Leibowitz the Minotaur Fighter began the quest for the Orb.
     0 | D:1      | Reached XP level 1. HP: 19/19 MP: 0/0
   774 | D:2      | Reached XP level 2. HP: 26/27 MP: 1/1
  1070 | D:2      | Reached XP level 3. HP: 33/33 MP: 2/2
  1364 | D:2      | Reached skill level 1 in Dodging
  1439 | D:2      | Found Biujoul's Weapon Shoppe.
  1444 | D:2      | Bought a +0 battleaxe for 91 gold pieces
  1647 | D:3      | Noticed a water moccasin
  1654 | D:3      | Succumbed to a water moccasin's poison

Illustrated notes

Levels and vault maps discovered:
D:1:      ldierk_walled_garden_2, layout_basic
D:2:      layout_loops_ring, serial_co_window_serial, co_window_corner_a,
          co_window_cross_1, co_window_corner_a, co_window_corner_a,
          co_window_cross_1, co_window_unsneaky_path_d,
          co_window_unsneaky_path_c, co_window_broadway_a, co_window_paths_c,
          glass_columns_b, serial_shops, nicolae_shop_hallway_plus,
          corexii_leaking_fountain, hangedman_decor_growths,
          small_statue_intersection
D:3:      layout_basic, mainiacjoe_overflow_concentric_impassable

Skill      XL: |  1  2  3 |
---------------+----------+-----
Fighting       | 4 |  4.3
Armour         | 4 |  4.3
Dodging        | 1 |  1.0
Axes           | 3 |  3.0
Shields        | |  3.6

Action                     || total
---------------------------++-------
  Melee: War axe           ||    35
         Headbutt          ||     8
         Battleaxe         ||     5
    Use: Potion            ||     1
 Armour: Scale mail        ||    31
  Dodge: Dodged            ||    24
